Ron, neutral male human Tourist ----------- --------- ..........| |.......| |{........| ----------- |.......| |>........| |.........| |.......| -----I----- |.{...(...| ##........| |......<..| # ----|--.- |..........############## ^ ## ---------|- # # ### ### # # ## ##### ----------.- -----.---------- |...........# |..............| |..........|# |..............| ##-........... |..............| # |..........| |...............############ ------------ ---------------- Ron the Sightseer Experience level: 4 Strength: 12 Dexterity: 9 Constitution: 15 Intelligence: 12 Wisdom: 9 Charisma: 17 Health: 0(29) Energy: 11(11) Def: 1 Gold: 764 Moves: 1362 Dungeon seed: GRroqnppwyfrdl3n Game ID: Ron_1439836148 Your Inventory: Weapons a - 39 blessed +2 darts (in quiver) u - a blessed +0 dagger (weapon in hand) G - an uncursed +0 boomerang Armor e - an uncursed +0 Hawaiian shirt (being worn) n - an uncursed +0 cloak of displacement (being worn) q - an uncursed +3 dwarvish cloak Tools k - an uncursed credit card m - an uncursed expensive camera (0:56) Spellbooks v - an uncursed spellbook of cause fear Wands P - an uncursed wand of enlightenment (0:15) Scrolls t - an uncursed scroll of identify I - an uncursed scroll of teleportation Potions j - 2 uncursed potions of extra healing p - a blessed potion of extra healing Comestibles c - 4 uncursed food rations H - an uncursed dingo corpse L - an uncursed fortune cookie M - an uncursed yellow mold corpse Coins $ - 764 gold pieces Spells and supernatural/magical abilities: Name Level Category Fail Memory W - pray for help -- divine ? -- Your skills at the end: Fighting Skills Weapon Skills dart [Basic] Spellcasting Skills Final Attributes: You were devoutly aligned. You were telepathic. You were displaced. You are dead. Vanquished creatures: a dingo a rock piercer a little dog a floating eye a dwarf 4 orc zombies 2 iguanas a large kobold a giant rat 2 cave spiders a yellow mold 3 geckos 2 jackals a fox a sewer rat a grid bug 2 newts 26 creatures vanquished. Voluntary challenges: You were an atheist. You used a wielded weapon 4 times, starting on turn 1119. You read items or engraved 5 times, starting on turn 1. You never genocided any monsters. You never polymorphed an object. You never changed form. You used no wishes. You never split a pudding. You never wrote Elbereth's name. You never violated your personal moral code. Dungeon overview: The Dungeons of Doom: levels 1 to 7 Level 1 a long staircase Level 2 a general store Level 3 a general store, some fountains, a sink stairs to The Gnomish Mines Level 4 a fountain, a sink Level 5 some fountains Level 6 <- You were here some fountains Level 7 a fountain The Gnomish Mines: Level 4 stairs to The Dungeons of Doom History has recorded: On T:1 you entered the Dungeons of Doom to retrieve the Amulet of Yendor! On T:72 you reached level 2 of The Dungeons of Doom. On T:126 you reached level 3 of The Dungeons of Doom. On T:244 you reached level 1 of The Gnomish Mines. On T:305 you reached level 4 of The Dungeons of Doom. On T:348 you reached level 5 of The Dungeons of Doom. On T:389 you advanced to experience level 2. On T:614 you advanced to experience level 3. On T:698 you reached level 6 of The Dungeons of Doom. On T:853 you reached level 7 of The Dungeons of Doom. On T:928 you advanced to experience level 4. Score breakdown: Gold: 21 ( 2 points) Experience: 4 levels ( 300 points) Exploration: 7 levels ( 180 points) Discoveries: 1 item ( 50 points) Variety of kills: 17 monsters ( 850 points) Major goal: (nothing yet) ( 0 points) Survival: died (score multiplied by 3) Total score: 4146 Latest messages: The dart hits it. The gnome lord hits! You faint from lack of food. Something hits! You die... Final status: Aloha Ron the Tourist, killed by a gnome lord, while fainted from lack of food... You died in The Dungeons of Doom on dungeon level 6 with 4146 points, and 764 pieces of gold, after 1362 moves. You were level 4 with a maximum of 29 hit points when you died.